 Dungeon Crawl Stone Soup version 0.28-a0-1395-g4f6bc678fa (webtiles) character file.

Game seed: 14894756366090716209

112 Deminshera the Vexing (level 4, -3/24 HPs)
             Began as a Deep Elf Arcane Marksman on Jan 4, 2022.
             Slain by Natasha (6 damage)
             ... on level 3 of the Dungeon.
             The game lasted 00:02:32 (2576 turns).

Deminshera the Vexing (Deep Elf Arcane Marksman)    Turns: 2576, Time: 00:02:33

Health: -3/24      AC:  2    Str:  7    XL:     4   Next: 64%
Magic:  8/10       EV: 12    Int: 20    God:
Gold:   93         SH:  0    Dex: 15    Spells: 5/9 levels left

rFire   . . .      SeeInvis .   a - +0 shortbow
rCold   . . .      Faith    .   (shield currently unavailable)
rNeg    . . .      Spirit   .   d - +0 robe
rPois   .          Reflect  .   (no helmet)
rElec   .          Harm     .   (no cloak)
rCorr   .          Rampage  .   (no gloves)
Will    .....                   (no boots)
Stlth   +.........              (no amulet)
HPRegen 0.08/turn               (no ring)
MPRegen 0.12/turn               (no ring)

@: attractive
A: no striking features
a: no special abilities


You were on level 3 of the Dungeon.
You visited 1 branch of the dungeon, and saw 3 of its levels.

You collected 93 gold pieces.

Inventory:

Hand Weapons
 a - a +0 shortbow (weapon)
 e - a +2 dagger of venom
Missiles
 c - 44 arrows (quivered ammo)
Armour
 d - a +0 robe (worn)
Wands
 f - a wand of mindburst (10)
Potions
 b - 2 potions of attraction


   Skills:
 - Level 0.7 Fighting
 + Level 4.2 Bows
 - Level 2.4 Dodging
 - Level 3.0 Spellcasting
 + Level 5.2 Hexes
 + Level 1.8 Fire Magic


You had 5 spell levels left.
You knew the following spells:

 Your Spells              Type           Power      Damage    Failure   Level
a - Slow                  Hex            92%        N/A       1%          1
b - Inner Flame           Hex/Fire       17%        N/A       10%         3

Your spell library contained the following spells:

 Spells                   Type           Power      Damage    Failure   Level
 Portal Projectile        Hex/Tloc       26%        N/A       14%         3
 Cause Fear               Hex            11%        N/A       17%         4


Dungeon Overview and Level Annotations

Branches:
Dungeon (3/15)

Altars:

Annotations:
D:3 Natasha


Message History

Natasha, Servant of Life and Death comes into view.
Natasha is nearby!
Natasha is nearby!
Casting: Inner Flame (quite dangerous; 10% risk of failure)
Confirm with . or Enter, or press ? or * to list all spells.
The spell is quite dangerous to miscast (10% risk of failure)!
Continue anyway?
Okay, then.
Natasha stares at you and mumbles some strange words.
You resist with some effort.
Natasha is nearby!
You start resting.
Natasha is nearby!
Casting: Inner Flame (quite dangerous; 10% risk of failure)
Confirm with . or Enter, or press ? or * to list all spells.
Aiming: Slow (safe; 1% risk of failure)
Press: ? - help, Shift-Dir - straight line, f - Natasha
Aim: Natasha (chance to affect: 62%) Natasha seems to slow down.
It was a potion of attraction.
You feel attractive to monsters. Natasha is attracted toward you.
Fire: 47 arrows
Press: ? - help, Q - select action, (/) - cycle Shift-Dir - straight line, f/p - Natasha
Aim: Natasha (slow, 53% to hit)
You shoot an arrow. The arrow hits Natasha.
Natasha is heavily wounded.
Natasha claws you but does no damage.
Fire: 46 arrows
Press: ? - help, Q - select action, (/) - cycle Shift-Dir - straight line, f/p - Natasha
Aim: Natasha (heavily wounded, slow, 53% to hit)
You shoot an arrow. The arrow closely misses Natasha.
Natasha claws you.
* * * LOW HITPOINT WARNING * * *
Fire: 45 arrows
Press: ? - help, Q - select action, (/) - cycle Shift-Dir - straight line, f/p - Natasha
Aim: Natasha (heavily wounded, slow, 53% to hit)
You shoot an arrow. The arrow hits Natasha.
Natasha is severely wounded.
Natasha claws you.
You die...

.. #.# #.# #.#
#.##### #.....#
#.....# ..# ##
#...h@# ..# ..
#.#####...####
####.#............
.................
#####.#(####...#
#.#(#####(#
#.#.(.w.)(#
#h#######((# #.
.)..#


You could see Natasha (slow).

Vanquished Creatures
  Jessica (D:3)
  An orc wizard (D:2)
  An adder (D:1)
  2 worms
  A dart slug (D:1)
  3 orcs
  5 endoplasms
  3 goblins
  4 hobgoblins
  4 kobolds
  2 quokkas (D:1)
  6 ball pythons
  3 bats
  3 frilled lizards (D:2)
  3 rats
42 creatures vanquished.

Notes
Turn   | Place    | Note
-------+----------+-------------------------------------------
     0 | D:1      | Deminshera the Deep Elf Arcane Marksman began the quest for
                  | the Orb.
     0 | D:1      | Reached XP level 1. HP: 11/11 MP: 5/5
   174 | D:1      | Reached XP level 2. HP: 16/16 MP: 7/7
  1185 | D:1      | Reached XP level 3. HP: 6/20 MP: 9/9
  1189 | D:1      | Learned a level 3 spell: Inner Flame
  1868 | D:2      | Reached skill level 1 in Fire Magic
  2048 | D:2      | Reached XP level 4. HP: 24/24 MP: 10/10
  2204 | D:2      | Reached skill level 5 in Hexes
  2511 | D:3      | Noticed Jessica
  2516 | D:3      | Killed Jessica
  2565 | D:3      | Noticed Natasha
  2576 | D:3      | Slain by Natasha

Illustrated notes

Levels and vault maps discovered:
D:1:      elethiomel_arrival_quiet, layout_basic
D:2:      layout_basic
D:3:      layout_basic, yredelemnul_altar_generic,
          ebering_ecumenical_altar_mist, cheibrodos_sewer_entry_drain,
          minivault_27, minmay_increasing_density, uniq_terence, uniq_jessica,
          uniq_ijyb, uniq_natasha

Skill      XL: |  1  2  3  4 |
---------------+-------------+-----
Bows           | 3 4 |  4.2
Spellcasting   | 2 3 |  3.0
Fire Magic     | 1 |  1.8
Hexes          | 5 |  5.2
Fighting       | |  0.7
Dodging        | |  2.4

Action                   |  1- 3 |  4- 6 || total
-------------------------+-------+-------++-------
 Fire: Shortbow          |    76 |    48 ||   124
 Cast: Slow              |     1 |     3 ||     4
       Inner Flame       |     1 |     2 ||     3
  Use: Scroll            |       |     1 ||     1
       Potion            |       |     1 ||     1
Armor: Robe              |     5 |     2 ||     7
Dodge: Dodged            |    15 |     3 ||    18

Table legend: (Time is in decaauts)
 A = Elapsed time spent in this place.
 B = Non-inter-level travel time spent in this place.
 C = Inter-level travel time spent in this place.
 D = Time resting spent in this place.
 E = Time spent auto-exploring this place.
 F = Levels seen in this place.
 G = Mean time per level.
                   A        B        C        D        E       F      G
               +--------+--------+--------+--------+--------+-----+--------+
         Total |   2593 |   2397 |    196 |    691 |   1375 |   3 |  864.3 |
       Dungeon |   2593 |   2397 |    196 |    691 |   1375 |   3 |  864.3 |
               +--------+--------+--------+--------+--------+-----+--------+

Top non-repeatable levels by time:
     D:1: 1338 daAuts
     D:2: 1170 daAuts
     D:3: 84 daAuts
